 Dungeon Crawl Stone Soup version 0.29.1-2-gbd0b4ee654 (webtiles) character file.

Game seed: 10223193032771214828

1 DoIIoM the Digger (level 1, 0/11 HPs)
             Began as an Octopode Earth Elementalist on Nov 30, 2022.
             Slain by a quokka (2 damage)
             ... on level 1 of the Dungeon.
             The game lasted 00:03:15 (95 turns).

DoIIoM the Digger (Octopode Earth Elementalist)       Turns: 95, Time: 00:03:15

Health: 0/11       AC:  1    Str:  7    XL:     1   Next: 20%
Magic:  3/3        EV: 13    Int: 17    God:
Gold:   6          SH:  0    Dex: 12    Spells: 3/4 levels left

rFire   . . .      SeeInvis .   (no weapon)
rCold   . . .      Faith    .   (no shield)
rNeg    . . .      Spirit   .   (helmet restricted)
rPois   .          Reflect  .   (no amulet)
rElec   .          Harm     .   (no ring)
rCorr   .          Rampage  .   (no ring)
Will    .....                   (no ring)
Stlth   +++.......              (no ring)
HPRegen 0.03/turn               (no ring)
MPRegen 0.08/turn               (no ring)
                                (no ring)
                                (no ring)

@: no status effects
A: almost no armour, amphibious, 8 rings, camouflage 1, gelatinous body 1,
(nimble swimmer 1), tentacles
a: no special abilities


You were on level 1 of the Dungeon.
You visited 1 branch of the dungeon, and saw 1 of its levels.

You collected 6 gold pieces.

Inventory:

Potions
 a - a potion of magic


   Skills:
 - Level 2.0 Dodging
 + Level 2.7 Stealth
 + Level 2.0 Spellcasting
 - Level 1.0 Transmutations
 + Level 3.0 Earth Magic


You had 3 spell levels left.
You knew the following spells:

 Your Spells              Type           Power      Damage    Failure   Level
a - Sandblast             Erth           22%        2d7       5%          1

Your spell library contained the following spells:

 Spells                   Type           Power      Damage    Failure   Level
 Passwall                 Tmut/Erth      6%         N/A       13%         2
 Stone Arrow              Conj/Erth      12%        3d7       30%         3
 Petrify                  Tmut/Erth      8%         N/A       63%         4


Dungeon Overview and Level Annotations

Branches:
Dungeon (1/15)

Altars:


Innate Abilities, Weirdness & Mutations

You cannot wear most types of armour.
You are amphibious.
You can wear up to eight rings at the same time.
Your skin changes colour to match your surroundings (Stealth+).
Your rubbery body absorbs attacks. (AC +1, EV +1)
((You are camouflaged when in or above water. (Stealth+)))
You have tentacles for arms and can constrict up to eight enemies at once.


Message History

There is an open door here.
No target in view!
There is an open door here.
You open the large door.
There is a large open door here.
A rat comes into view.
No target in view!
The rat barely misses you.
You tentacle-slap the rat. You grab the rat.
The rat is moderately wounded.
You constrict the rat.
You kill the rat!
Unknown command.
Found 6 gold pieces.
Found 4 stones and a robe.
You now have 6 gold pieces.
Unknown command.
No target in view!
Sorry, you're not good enough to have a special ability.
Unknown command.
You're too inexperienced to learn that spell!
You see here a +0 robe.
A frilled lizard comes into view.
A gnoll comes into view. It is wielding a +0 spear.
Found 3 large rocks.
The frilled lizard misses you.
You tentacle-slap the frilled lizard. You grab the frilled lizard.
The frilled lizard is heavily wounded.
You constrict the frilled lizard.
You kill the frilled lizard!
Found a stone staircase leading down.
A frilled lizard comes into view.
A hobgoblin and a quokka come into view.
The frilled lizard hisses angrily.
The quokka bites you.
You completely miss the quokka. Your grab misses the quokka.
The quokka bites you.
* * * LOW HITPOINT WARNING * * *
Unknown command.
The quokka bites you.
You die...

.PP#
#.##>....##.....#
...#
#[#########.....#
##+# #.## #.....#
# #..## #...g.# #
##.(## #.#####
########..# #l#
....PP###.# #.#
..♣....♣#.# #r#
....P.....# #@#
...♣♣...#######..#
................##
......##########
....### #####


You could see a quokka and a frilled lizard.

Vanquished Creatures
  A frilled lizard (D:1)
  A rat (D:1)
2 creatures vanquished.

Notes
Turn   | Place    | Note
-------+----------+-------------------------------------------
     0 | D:1      | DoIIoM the Octopode Earth Elementalist began the quest for
                  | the Orb.
     0 | D:1      | Reached XP level 1. HP: 11/11 MP: 3/3
    95 | D:1      | Slain by a quokka

Illustrated notes

Levels and vault maps discovered:
D:1:      denvon_arrival_planthouse, layout_basic, minmay_tromino_v4_a

Action                   || total
-------------------------++-------
Melee: Unarmed           ||     3
       Constrict         ||     2
Dodge: Dodged            ||     2
